| TOP OF THE 1ST |
|
Ogden Raptors batting - Pitching for Helena Brewers : RHP Dillon Atkinson
|
|
Pitching: RHP Dillon Atkinson
|
|
|
Batting: SHB Javy Franco
|
0-0: Foul Ball, location: 2F 0-1: Ball 1-1: Swinging Strike 1-2: Ball 2-2: Ball 3-2: Strikes out swinging
|
|
Batting: SHB Erick Hamburger
|
0-0: Foul Ball, location: 2F 0-1: Swinging Strike 0-2: Foul Ball, location: 2F 0-2: Strikes out looking
|
|
Batting: RHB Juan Gallegos
|
0-0: Ball 1-0: Swinging Strike 1-1: Ball 2-1: Ball 3-1: Base on Balls
|
|
Batting: LHB Pedro Garza
|
0-0: Called Strike 0-1: Ball 1-1: Called Strike 1-2: Strikes out swinging
|
| Top of the 1st over - 0 runs, 0 hits, 0 errors, 1 left on base; Ogden 0 - Helena 0 |
| BOTTOM OF THE 1ST |
|
Helena Brewers batting - Pitching for Ogden Raptors : LHP Norm Yeo
|
|
Pitching: LHP Norm Yeo
|
|
|
Batting: LHB Andy Buschlen
|
0-0: Ball 1-0: Ball 2-0: Swinging Strike 2-1: Ball 3-1: Called Strike 3-2: Strikes out swinging
|
|
Batting: LHB Jose Simental
|
0-0: Foul Ball, location: 2F 0-1: Foul Ball, location: 2F 0-2: Ball 1-2: Strikes out swinging
|
|
Batting: RHB Manny Olave
|
0-0: Called Strike 0-1: Ball 1-1: Ball 2-1: Ball 3-1: Base on Balls
|
|
Batting: RHB Austin Doig
|
0-0: Fly out, F8 (Flyball, 8RD, EV 93.8 MPH)
|
| Bottom of the 1st over - 0 runs, 0 hits, 0 errors, 1 left on base; Ogden 0 - Helena 0 |
| TOP OF THE 2ND |
|
Ogden Raptors batting - Pitching for Helena Brewers : RHP Dillon Atkinson
|
|
Batting: LHB Fernão Manta
|
0-0: Ground out 6-3 (Groundball, 6, EV 88.8 MPH)
|
|
Batting: RHB Adam Maczko
|
0-0: Ball 1-0: Foul Ball, location: 2F 1-1: Ball 2-1: TRIPLE (Line Drive, 89XD, EV 97.5 MPH)
|
|
Batting: RHB Brad Brady
|
0-0: Called Strike 0-1: Foul Ball, location: 2F 0-2: Foul Ball, location: 2F 0-2: Ball 1-2: Ball 2-2: Strikes out swinging
|
|
Batting: SHB Alex Noval
|
0-0: Swinging Strike 0-1: Ball 1-1: Ball 2-1: Ball 3-1: Fly out, F8 (Flyball, 8LXD, EV 108.8 MPH)
|
| Top of the 2nd over - 0 runs, 1 hit, 0 errors, 1 left on base; Ogden 0 - Helena 0 |
| BOTTOM OF THE 2ND |
|
Helena Brewers batting - Pitching for Ogden Raptors : LHP Norm Yeo
|
|
Batting: LHB Tony Hasbun
|
0-0: Foul Ball, location: 2F 0-1: Swinging Strike 0-2: Fly out, F7 (Flyball, 7LM, EV 94.4 MPH)
|
|
Batting: LHB Alex Chairez
|
0-0: Fly out, F8 (Line Drive, 8RM, EV 93.1 MPH)
|
|
Batting: RHB Steve Errico
|
0-0: Called Strike 0-1: Ball 1-1: Ground out 5-3 (Groundball, 56S, EV 85.6 MPH)
|
| Bottom of the 2nd over - 0 runs, 0 hits, 0 errors, 0 left on base; Ogden 0 - Helena 0 |
| TOP OF THE 3RD |
|
Ogden Raptors batting - Pitching for Helena Brewers : RHP Dillon Atkinson
|
|
Batting: RHB Gaylord Wray
|
0-0: Ball 1-0: Foul Ball, location: 2F 1-1: Foul Ball, location: 2F 1-2: Strikes out swinging
|
|
Batting: SHB Javy Franco
|
0-0: Called Strike 0-1: Ball 1-1: Ball 2-1: Swinging Strike 2-2: Ball 3-2: Base on Balls
|
|
Batting: SHB Erick Hamburger
|
0-0: Grounds into double play, 4-6-3 (Groundball, 4, EV 90.6 MPH)
|
| Top of the 3rd over - 0 runs, 0 hits, 0 errors, 0 left on base; Ogden 0 - Helena 0 |
| BOTTOM OF THE 3RD |
|
Helena Brewers batting - Pitching for Ogden Raptors : LHP Norm Yeo
|
|
Batting: RHB Justin Marino
|
0-0: Called Strike 0-1: Foul Ball, location: 2F 0-2: Fly out, F8 (Flyball, 8RD, EV 96.9 MPH)
|
|
Batting: RHB Gil Sanchez
|
0-0: Ball 1-0: Called Strike 1-1: Ball 2-1: Ground out 5-3 (Groundball, 5, EV 91.2 MPH)
|
|
Batting: LHB Andy Buschlen
|
0-0: Foul Ball, location: 2F 0-1: Ball 1-1: Foul Ball, location: 2F 1-2: Ball 2-2: Strikes out looking
|
| Bottom of the 3rd over - 0 runs, 0 hits, 0 errors, 0 left on base; Ogden 0 - Helena 0 |
| TOP OF THE 4TH |
|
Ogden Raptors batting - Pitching for Helena Brewers : RHP Dillon Atkinson
|
|
Batting: RHB Juan Gallegos
|
0-0: Ball 1-0: Ball 2-0: Ball 3-0: Base on Balls
|
|
Batting: LHB Pedro Garza
|
0-0: Foul Ball, location: 2F 0-1: Foul Ball, location: 2F 0-2: Ball 1-2: Fielders Choice at 2nd, 6-4 (Groundball, 6, EV 87.5 MPH)
|
|
Batting: LHB Fernão Manta
|
0-0: Fly out, F9 (Flyball, 89S, EV 81.9 MPH)
|
|
Batting: RHB Adam Maczko
|
0-0: Called Strike 0-1: 2-RUN HOME RUN (Flyball, 8LXD, EV 116.9 MPH), Distance : 467 ft
|
|
Batting: RHB Brad Brady
|
0-0: Ground out 5-3 (Groundball, 5, EV 90.0 MPH)
|
| Top of the 4th over - 2 runs, 1 hit, 0 errors, 0 left on base; Ogden 2 - Helena 0 |
| BOTTOM OF THE 4TH |
|
Helena Brewers batting - Pitching for Ogden Raptors : LHP Norm Yeo
|
|
Batting: LHB Jose Simental
|
0-0: Ball 1-0: Ball 2-0: Called Strike 2-1: SINGLE (Line Drive, 6M, EV 106.9 MPH)
|
|
Batting: RHB Manny Olave
|
0-0: Ball 1-0: Called Strike 1-1: Ball 2-1: Swinging Strike 2-2: Strikes out swinging
|
|
Batting: RHB Austin Doig
|
0-0: Ball Jose Simental is caught stealing 2nd base 2-4 1-0: Ball 2-0: Ball 3-0: Called Strike 3-1: Called Strike 3-2: Fly out, F8 (Flyball, 8RXD, EV 90.0 MPH)
|
| Bottom of the 4th over - 0 runs, 1 hit, 0 errors, 0 left on base; Ogden 2 - Helena 0 |
| TOP OF THE 5TH |
|
Ogden Raptors batting - Pitching for Helena Brewers : RHP Dillon Atkinson
|
|
Batting: SHB Alex Noval
|
0-0: Ground out 6-3 (Groundball, 6S, EV 73.8 MPH)
|
|
Batting: RHB Gaylord Wray
|
0-0: Called Strike 0-1: Foul Ball, location: 2F 0-2: Ball 1-2: Ball 2-2: Ball 3-2: Foul Ball, location: 2F 3-2: Foul Ball, location: 2F 3-2: Strikes out swinging
|
|
Batting: SHB Javy Franco
|
0-0: Called Strike 0-1: Ball 1-1: Ball 2-1: Ground out 1-3 (Groundball, P, EV 61.2 MPH)
|
| Top of the 5th over - 0 runs, 0 hits, 0 errors, 0 left on base; Ogden 2 - Helena 0 |
| BOTTOM OF THE 5TH |
|
Helena Brewers batting - Pitching for Ogden Raptors : LHP Norm Yeo
|
|
Batting: LHB Tony Hasbun
|
0-0: Ball 1-0: Called Strike 1-1: Ball 2-1: Foul Ball, location: 2F 2-2: Strikes out swinging
|
|
Batting: LHB Alex Chairez
|
0-0: Ball 1-0: Called Strike 1-1: Foul Ball, location: 2F 1-2: Strikes out looking
|
|
Batting: RHB Steve Errico
|
0-0: SINGLE (Line Drive, 7S, EV 98.8 MPH)
|
|
Batting: RHB Justin Marino
|
0-0: Ball 1-0: Ball 2-0: Ball 3-0: Called Strike 3-1: Foul Ball, location: 2F 3-2: Foul Ball, location: 2F 3-2: Ground out 6-3 (Groundball, 6, EV 105.6 MPH)
|
| Bottom of the 5th over - 0 runs, 1 hit, 0 errors, 1 left on base; Ogden 2 - Helena 0 |
| TOP OF THE 6TH |
|
Ogden Raptors batting - Pitching for Helena Brewers : RHP Dillon Atkinson
|
|
Batting: SHB Erick Hamburger
|
0-0: Swinging Strike 0-1: Ball 1-1: Swinging Strike 1-2: Strikes out swinging
|
|
Batting: RHB Juan Gallegos
|
0-0: Called Strike 0-1: Called Strike 0-2: Strikes out swinging
|
|
Batting: LHB Pedro Garza
|
0-0: Foul Ball, location: 2F 0-1: Swinging Strike 0-2: Foul Ball, location: 2F 0-2: Strikes out looking
|
| Top of the 6th over - 0 runs, 0 hits, 0 errors, 0 left on base; Ogden 2 - Helena 0 |
| BOTTOM OF THE 6TH |
|
Helena Brewers batting - Pitching for Ogden Raptors : LHP Norm Yeo
|
|
Batting: RHB Gil Sanchez
|
0-0: SINGLE (Groundball, 56, EV 95.0 MPH)
|
|
Batting: LHB Andy Buschlen
|
0-0: Ball 1-0: Foul Ball, location: 2F 1-1: Ball 2-1: Ball 3-1: Called Strike 3-2: Fielders Choice at 2nd, 4-6 (Groundball, 4M, EV 79.4 MPH)
|
|
Batting: LHB Jose Simental
|
0-0: Ball 1-0: Called Strike 1-1: Ball 2-1: Called Strike 2-2: Ball 3-2: Fielders Choice at 2nd, 4-6 (Groundball, 4, EV 104.4 MPH)
|
|
Pitching: RHP Bart Bell
|
|
|
Batting: RHB Manny Olave
|
0-0: Ball 1-0: Ball Jose Simental steals 2nd base 2-0: 2-RUN HOME RUN (Flyball, 78XD, EV 101.2 MPH), Distance : 407 ft
|
|
Batting: RHB Austin Doig
|
0-0: Ball 1-0: Ground out U3 (Groundball, 3S, EV 68.1 MPH)
|
| Bottom of the 6th over - 2 runs, 2 hits, 0 errors, 0 left on base; Ogden 2 - Helena 2 |
| TOP OF THE 7TH |
|
Ogden Raptors batting - Pitching for Helena Brewers : RHP Dillon Atkinson
|
|
Pitching: LHP Keith Rogers
|
|
|
Batting: LHB Fernão Manta
|
0-0: Foul Ball, location: 2F 0-1: Ball 1-1: Foul Ball, location: 2F 1-2: Ball 2-2: Ball 3-2: Foul Ball, location: 2F 3-2: Fly out, F7 (Flyball, 7D, EV 89.4 MPH)
|
|
Batting: RHB Adam Maczko
|
0-0: Ball 1-0: Ball 2-0: Called Strike 2-1: Foul Ball, location: 2F 2-2: Foul Ball, location: 2F 2-2: SINGLE (Groundball, 4MD, EV 100.0 MPH)
|
|
Batting: RHB Brad Brady
|
0-0: Ball 1-0: Swinging Strike 1-1: Ball 2-1: DOUBLE (Flyball, 8RXD, EV 95.0 MPH) Adam Maczko to third
|
|
Batting: SHB Alex Noval
|
0-0: Fly out, F9 (Flyball, 9D, EV 102.5 MPH) Runner from 3rd tags up, SCORES, throw by RF Brad Brady to third
|
|
Batting: RHB Gaylord Wray
|
0-0: Called Strike 0-1: Fly out, F4 (Popup, 4, EV 73.8 MPH)
|
| Top of the 7th over - 1 run, 2 hits, 0 errors, 1 left on base; Ogden 3 - Helena 2 |
| BOTTOM OF THE 7TH |
|
Helena Brewers batting - Pitching for Ogden Raptors : RHP Bart Bell
|
|
Batting: LHB Tony Hasbun
|
0-0: SINGLE (Line Drive, 7LS, EV 102.5 MPH)
|
|
Batting: LHB Alex Chairez
|
0-0: Bunted foul 0-1: Bunted foul 0-2: Ball 1-2: Ball 2-2: Fly out, F5 (Line Drive, 5, EV 66.9 MPH)
|
|
Batting: RHB Steve Errico
|
0-0: Ball 1-0: Called Strike Tony Hasbun is caught stealing 2nd base 2-4 1-1: Called Strike 1-2: Ball 2-2: Strikes out swinging
|
| Bottom of the 7th over - 0 runs, 1 hit, 0 errors, 0 left on base; Ogden 3 - Helena 2 |
| TOP OF THE 8TH |
|
Ogden Raptors batting - Pitching for Helena Brewers : LHP Keith Rogers
|
|
Batting: SHB Javy Franco
|
0-0: Swinging Strike 0-1: Foul Ball, location: 2F 0-2: SINGLE (Groundball, 56D, EV 106.9 MPH)
|
|
Batting: SHB Erick Hamburger
|
0-0: Sac Bunt to 5S - play at first, batter OUT! 5-3 Javy Franco to second
|
|
Batting: RHB Juan Gallegos
|
0-0: Intentional Walk
|
|
Batting: RHB David Watkins
|
0-0: Called Strike 0-1: Called Strike 0-2: Ball 1-2: Grounds into double play, 5-4-3 (Groundball, 56, EV 81.9 MPH)
|
| Top of the 8th over - 0 runs, 1 hit, 0 errors, 1 left on base; Ogden 3 - Helena 2 |
| BOTTOM OF THE 8TH |
|
Helena Brewers batting - Pitching for Ogden Raptors : RHP Bart Bell
|
|
Pinch Hitting: RHB Frank Pena
|
0-0: Ball 1-0: Foul Ball, location: 2F 1-1: Called Strike 1-2: DOUBLE (Line Drive, 78XD, EV 100.6 MPH)
|
|
Pitching: RHP Bill Dyck
|
|
|
Batting: LHB Jesus Huante
|
0-0: Foul Ball, location: 2F 0-1: Sac Bunt to P - play at first, batter OUT! 1-3 Frank Pena to third
|
|
Batting: LHB Andy Buschlen
|
0-0: Called Strike 0-1: Foul Ball, location: 2F 0-2: Strikes out swinging
|
|
Batting: LHB Jose Simental
|
0-0: Ball 1-0: Fly out, F7 (Flyball, 7, EV 95.0 MPH)
|
| Bottom of the 8th over - 0 runs, 1 hit, 0 errors, 1 left on base; Ogden 3 - Helena 2 |
| TOP OF THE 9TH |
|
Ogden Raptors batting - Pitching for Helena Brewers : LHP Keith Rogers
|
|
Now at 3B: Jesus Menjivar
|
|
|
Batting: LHB Fernão Manta
|
0-0: Ball 1-0: Called Strike 1-1: Ball 2-1: Ground out 6-3 (Groundball, 6, EV 85.6 MPH)
|
|
Batting: RHB Adam Maczko
|
0-0: Called Strike 0-1: Ball 1-1: Foul Ball, location: 2F 1-2: Foul Ball, location: 2F 1-2: Strikes out looking
|
|
Batting: RHB Brad Brady
|
0-0: Ball 1-0: Called Strike 1-1: Ball 2-1: Foul Ball, location: 2F 2-2: Strikes out looking
|
| Top of the 9th over - 0 runs, 0 hits, 0 errors, 0 left on base; Ogden 3 - Helena 2 |
| BOTTOM OF THE 9TH |
|
Helena Brewers batting - Pitching for Ogden Raptors : RHP Bill Dyck
|
|
Pitching: RHP Austin Miller
|
|
|
Now at 1B: Jason Todd
|
|
|
Now in LF: Kekoa Kahele
|
|
|
Batting: RHB Manny Olave
|
0-0: Fly out, F8 (Flyball, 8LM, EV 86.2 MPH)
|
|
Batting: RHB Austin Doig
|
0-0: Ball 1-0: Foul Ball, location: 2F 1-1: Ball 2-1: Ground out 1-3 (Groundball, 25, EV 71.9 MPH)
|
|
Batting: LHB Tony Hasbun
|
0-0: Called Strike 0-1: Called Strike 0-2: Ball 1-2: Ball 2-2: Ball 3-2: Base on Balls
|
|
Batting: LHB Alex Chairez
|
0-0: SINGLE (Line Drive, 7LM, EV 106.2 MPH) Tony Hasbun to second Runner from 2nd tries for 3rd, SAFE, no throw by LF
|
|
Batting: RHB Steve Errico
|
0-0: Ball 1-0: Ball 2-0: Ball 3-0: Called Strike 3-1: Called Strike 3-2: Ground out 6-3 (Groundball, 6MD, EV 105.6 MPH)
|
| Bottom of the 9th over - 0 runs, 1 hit, 0 errors, 2 left on base; Ogden 3 - Helena 2 |
|